 Dungeon Crawl Stone Soup version 0.29-a0-541-gaf1fc19f1b (webtiles) character file.

Game seed: 835678317300368073

100 wakim the Insei (level 4, 29/29 HPs)
             Began as an Octopode Transmuter on Apr 22, 2022.
             Quit the game on level 3 of the Dungeon on June 2, 2022.
             The game lasted 00:11:41 (2717 turns).

wakim the Insei (Octopode Transmuter)               Turns: 2717, Time: 00:11:42

Health: 29/29      AC:  1    Str:  9    XL:     4   Next: 74%
Magic:  7/7        EV: 13    Int: 17    God:
Gold:   122        SH:  0    Dex: 12    Spells: 3/7 levels left

rFire   . . .      SeeInvis .   b - +0 hunting sling
rCold   . . .      Faith    .   (no shield)
rNeg    . . .      Spirit   .   (helmet restricted)
rPois   .          Reflect  .   (no amulet)
rElec   .          Harm     .   (no ring)
rCorr   .          Rampage  .   (no ring)
Will    .....                   (no ring)
Stlth   +++.......              (no ring)
HPRegen 0.09/turn               (no ring)
MPRegen 0.10/turn               (no ring)
                                (no ring)
                                (no ring)

@: no status effects
A: almost no armour, amphibious, 8 rings, camouflage 1, gelatinous body 1,
(nimble swimmer 1), tentacles
a: no special abilities


You were on level 3 of the Dungeon.
You visited 1 branch of the dungeon, and saw 3 of its levels.

You collected 122 gold pieces.

Inventory:

Hand Weapons
 a - a +2 dagger of venom
 b - a +0 hunting sling (weapon)
Scrolls
 M - a scroll of fog {unknown}
 N - 2 scrolls of fear {unknown}
 O - a scroll of enchant armour {unknown}
 Q - 2 scrolls of immolation {unknown}
 R - 2 scrolls of identify {unknown}
 S - a scroll of enchant weapon {unknown}
 T - a scroll of vulnerability {unknown}
Potions
 L - 2 potions of lignification {!q}
 P - 2 potions of curing {unknown}
 U - 3 potions of flight {unknown}


   Skills:
 + Level 2.1 Fighting
 - Level 2.0 Dodging
 * Level 3.6 Stealth
 * Level 4.1 Unarmed Combat
 - Level 2.0 Spellcasting
 - Level 2.0 Transmutations


You had 3 spell levels left.
You knew the following spells:

 Your Spells              Type           Power      Damage    Failure   Level
a - Beastly Appendage     Tmut           16%        N/A       9%          1
x - Spider Form           Tmut/Pois      5%         N/A       36%         3

Your spell library contained the following spells:

 Spells                   Type           Power      Damage    Failure   Level
 Wereblood                Tmut           8%         N/A       13%         2
 Ignite Poison            Fire/Tmut/Pois 3%         N/A       41%         3
 Conjure Flame            Conj/Fire      1%         6-21      50%         3
 Dazzling Flash           Conj/Hex       2%         N/A       50%         3
 Ozocubu's Armour         Ice            1%         N/A       50%         3
 Ice Form                 Ice/Tmut       5%         N/A       77%         4
 Iskenderun's Mystic Bla  Conj/Tloc      1%         2d3       88%         4
 Sticky Flame             Conj/Fire      1%         2d3       88%         4
 Metabolic Englaciation   Hex/Ice        0%         N/A       99%         5
 Simulacrum               Ice/Necr       0%         N/A       100%        6
 Starburst                Conj/Fire      0%         6d3       100%        6


Dungeon Overview and Level Annotations

Branches:
Dungeon (3/15)

Altars:


Innate Abilities, Weirdness & Mutations

You cannot wear most types of armour.
You are amphibious.
You can wear up to eight rings at the same time.
Your skin changes colour to match your surroundings (Stealth+).
Your rubbery body absorbs attacks. (AC +1, EV +1)
((You are camouflaged when in or above water. (Stealth+)))
You have tentacles for arms and can constrict up to eight enemies at once.


Message History

You squeeze the hobgoblin, but do no damage.
The hobgoblin barely misses you.
You hit the hobgoblin. Your grab misses the hobgoblin.
Your squeeze misses the hobgoblin.
The hobgoblin is lightly wounded.
The hobgoblin hits you. 23/29 (-3)
You hit the hobgoblin. You grab the hobgoblin.
The hobgoblin is moderately wounded.
You constrict the hobgoblin. The hobgoblin hits you. 22/29 (-1)
You hit the hobgoblin.
You kill the hobgoblin!
No target in view!
Things that are here:
a hobgoblin corpse; a jackal corpse; a jackal corpse
Things that are here:
a jackal corpse; a jackal corpse You now have 122 gold pieces (gained 13).
Found a potion of lignification.
L - 2 potions of lignification {!q} (gained 1)
A kobold comes into view.
It is wielding a +0 short sword. 29/29 (+7)
Your +2 dagger of venom stops dripping with poison.
b - a +0 hunting sling (weapon)
You shoot a sling bullet. The sling bullet hits the kobold.
You kill the kobold!
Things that are here:
a +0 short sword; 5 stones You open the door.
Unknown command.
Welcome back, wakim the Octopode Transmuter.
Press ? for a list of commands and other information.
Unknown command.
Welcome back, wakim the Octopode Transmuter.
Press ? for a list of commands and other information.
Bad channel name for runrest: 'pray:' Welcome back, wakim the Octopode Transmuter.
Press ? for a list of commands and other information.
Are you sure you want to abandon this character and quit the game? (Confirm with "yes".)

##.#########...###.
#........#..)##)..#
#..#.###.#..#..#.#. ##########
##....# #.#.##.##.## #........#
#.....###.#.##..##..
#.####.#.#####...>......[.##..#.
#.##............#####.#...##)###
#.##.#.#.#####.............#..#.
#.##.#.#.# ##@########....##..
#.##.#.#)# #'# ##.###.#.
#<.......# ... #.....##
##...##### ..... #.......
#.##.## ....... ##..###..
#.#...####...>.....####..)###.#
#....)...+.........+...........
#.#...####.........####...#####
#.##.## ##..#


There were no monsters in sight!

Vanquished Creatures
  An adder (D:2)
  An ufetubus (D:3)
  A dart slug (D:1)
  2 worms (D:2)
  7 orcs (D:3)
  5 endoplasms
  3 goblins
  8 hobgoblins
  7 jackals (D:3)
  8 kobolds
  A quokka (D:1)
  7 ball pythons
  7 bats
  4 frilled lizards
  4 rats
66 creatures vanquished.

Vanquished Creatures (others)
  2 fungi (D:1)
  2 toadstools (D:1)
4 creatures vanquished.

Grand Total: 70 creatures vanquished

Notes
Turn   | Place    | Note
-------+----------+-------------------------------------------
     0 | D:1      | wakim the Octopode Transmuter began the quest for the Orb.
     0 | D:1      | Reached XP level 1. HP: 13/13 MP: 3/3
   160 | D:1      | Reached skill level 1 in Stealth
   212 | D:1      | Reached XP level 2. HP: 18/18 MP: 5/5
   213 | D:1      | Found a faded altar of an unknown god.
   515 | D:1      | Reached XP level 3. HP: 23/23 MP: 6/6
   756 | D:1      | Learned a level 3 spell: Spider Form
  1806 | D:2      | Reached XP level 4. HP: 27/29 MP: 5/7
  2371 | D:3      | Reached skill level 4 in Unarmed Combat
  2717 | D:3      | Upgraded the game from 0.29-a0-330-g52719c12eb to
                  | 0.29-a0-541-gaf1fc19f1b
  2717 | D:3      | Quit the game

Illustrated notes

Levels and vault maps discovered:
D:1:      pf_arrival_petrified_forest, layout_loops_ring,
          ebering_ecumenical_altar_abandoned, minmay_gold_behind_fungi,
          chequers_jeans, minmay_split_cup_large
D:2:      minmay_door_path, layout_rooms, serial_glass, glass_columns_a,
          glass_columns_a, minmay_misc_feat_tiny
D:3:      layout_loops_corners, serial_shops, nicolae_shop_crystal,
          minmay_pentomino_pile

Skill      XL: |  1  2  3  4 |
---------------+-------------+-----
Stealth        | 1 2 3 |  3.6
Fighting       | 2 |  2.1
Unarmed Combat | 4 |  4.1
Dodging        | |  2.0
Spellcasting   | |  2.0
Transmutations | |  2.0

Action                   |  1- 3 |  4- 6 || total
-------------------------+-------+-------++-------
Melee: Unarmed           |    13 |       ||    13
       Kick              |     7 |     2 ||     9
       Constrict         |     9 |     9 ||    18
       Tentacles         |     4 |     6 ||    10
       Dagger            |    28 |    24 ||    52
       Punch             |     1 |     1 ||     2
 Fire: Hunting sling     |    72 |    38 ||   110
 Cast: Beastly Appendage |     7 |     3 ||    10
 Stab: Sleeping          |     1 |       ||     1
Armor: Skin              |     7 |     1 ||     8
Dodge: Dodged            |    41 |    22 ||    63

Table legend: (Time is in decaauts)
 A = Elapsed time spent in this place.
 B = Non-inter-level travel time spent in this place.
 C = Inter-level travel time spent in this place.
 D = Time resting spent in this place.
 E = Time spent auto-exploring this place.
 F = Levels seen in this place.
 G = Mean time per level.
                   A        B        C        D        E       F      G
               +--------+--------+--------+--------+--------+-----+--------+
         Total |   2738 |   2709 |     29 |      0 |   2224 |   3 |  912.7 |
       Dungeon |   2738 |   2709 |     29 |      0 |   2224 |   3 |  912.7 |
               +--------+--------+--------+--------+--------+-----+--------+

Top non-repeatable levels by time:
     D:1: 1273 daAuts
     D:2: 868 daAuts
     D:3: 596 daAuts
